Capitals vs Devils

Created - 24 janvier 2018 at 19:21

Goals
1 2 3 T
Capitals 0 2 0 2
Devils 0 2 5 7
Shots
1 2 3 T
Capitals 15 8 4 27
Devils 14 11 13 38

1st period

No Goal

Penalties :
Ondrej Palat (WAS) for Interference (Minor) at 0:21, Josh Bailey (WAS) for Boarding (Minor) at 17:21

2nd period

1. Capitals , Anders Bjork 4 (Brady Skjei 9) at 0:28
2. Devils , T.J. Oshie 13 (Matt Hunwick 6, Danton Heinen 7) at 4:55
3. Capitals , Oliver Ekman-Larsson 8 (Valtteri Filppula 26, Brock Nelson 21) at 6:56 (PP)
4. Devils , Danton Heinen 8 (Brayden Point 18, T.J. Oshie 18) at 13:29

Penalties :
Nazem Kadri (NJD) for Holding (Minor) at 6:20, Alexander Edler (NJD) for High sticking (Minor) at 7:20, Ben Chiarot (WAS) for Interference (Minor) at 17:10

3rd period

5. Devils , Shea Weber 3 (Tyler Johnson 14, Steven Stamkos 26) at 4:34 (PP)
6. Devils , Alexander Kerfoot 5 (Tyler Johnson 15, Steven Stamkos 27) at 10:30
7. Devils , Conor Sheary 8 (Nazem Kadri 17, Danton Heinen 8) at 11:27
8. Devils , Steven Stamkos 22 (Alexander Edler 9) at 14:51 (PP)
9. Devils , Alexander Kerfoot 6 (Nick Holden 6, Tyler Johnson 16) at 18:01

Penalties :
Oliver Ekman-Larsson (WAS) for High sticking (Minor) at 2:50, Brendan Smith (WAS) for Hooking (Minor) at 14:25, Oliver Ekman-Larsson (WAS) for Interference (Minor) at 19:11

Goalie Stats

Jonathan Quick (WAS), 31 saves from 38 shots - (0,816), L, 15-11-6, 60:00 minutes
Steve Mason (NJD), 25 saves from 27 shots - (0,926), W, 4-8-0, 60:00 minutes

Players Stats for Capitals

Player Name              G  A  P  +/- PIM S  H  SB GA TA FO     MP     PP MP  PK MP  
------------------------------------------------------------------------------------
Anders Bjork             1  0  1   0  0   3  2  1  0  0  0/0    13:11   0:00   1:43 
Anton Stralman           0  0  0   0  0   1  2  1  0  3  0/0    22:13   2:00   0:57 
Ben Chiarot              0  0  0  -1  2   0  0  0  0  0  0/0    17:48   0:35   2:11 
Brady Skjei              0  1  1  -1  0   0  1  2  0  1  0/0    21:55   0:35   5:47 
Brandon Pirri            0  0  0  -2  0   1  0  0  0  0  0/0     7:49   0:00   0:00 
Brendan Smith            0  0  0  -3  2   0  0  4  0  3  0/0    19:35   0:00   5:21 
Brock Nelson             0  1  1  -2  0   1  1  0  0  0  0/1    15:02   1:05   0:00 
Claude Giroux            0  0  0   0  0   1  2  0  2  0  15/21  17:05   1:30   0:45 
Darren Helm              0  0  0   0  0   2  3  1  0  1  8/19   16:32   0:00   5:07 
Joakim Nordstrom         0  0  0   0  0   2  0  1  0  0  0/0    14:08   0:00   2:15 
Josh Bailey              0  0  0  -2  2   5  1  1  1  0  0/0    15:49   1:30   0:00 
Nick Shore               0  0  0  -2  0   0  1  0  0  0  0/2    12:47   0:00   4:57 
Oliver Ekman-Larsson     1  0  1   0  4   3  1  1  0  2  0/0    21:14   2:00   0:00 
Ondrej Palat             0  0  0   0  2   3  3  1  1  0  0/0    16:16   1:30   0:00 
Riley Sheahan            0  0  0  -2  0   3  2  0  1  0  1/3    11:21   0:00   3:03 
Simon Despres            0  0  0  -3  0   1  1  0  0  0  0/0    17:15   0:00   3:34 
Tobias Rieder            0  0  0   0  0   0  1  2  0  0  1/2    15:57   1:05   0:00 
Valtteri Filppula        0  1  1  -2  0   1  3  1  0  0  6/21   15:02   1:05   0:00 

Players Stats for Devils

Player Name              G  A  P  +/- PIM S  H  SB GA TA FO     MP     PP MP  PK MP  
------------------------------------------------------------------------------------
Alexander Debrincat      0  0  0   1  0   3  2  0  1  0  0/0    13:19   0:00   0:10 
Alexander Edler          0  1  1   1  2   3  0  0  0  2  0/0    17:50   4:10   0:00 
Alexander Kerfoot        2  0  2   1  0   4  2  0  0  1  1/2    19:54   5:06   0:03 
Andrew Cogliano          0  0  0   0  0   1  0  0  1  0  0/3     7:41   0:00   1:43 
Ben Lovejoy              0  0  0   3  0   0  0  1  0  0  0/0    17:21   0:00   1:27 
Brayden Point            0  1  1   2  0   2  1  0  0  0  13/21  18:20   3:49   0:00 
Conor Sheary             1  0  1   1  0   2  0  0  2  0  0/0    13:51   0:00   0:35 
Danton Heinen            1  2  3   2  0   4  0  0  1  0  0/2    18:20   3:49   0:00 
Dmitry Kulikov           0  0  0   0  0   0  1  1  0  0  0/0    20:10   0:00   1:08 
Linden Vey               0  0  0   0  0   1  0  0  0  0  0/1     7:52   0:00   1:47 
Matt Hunwick             0  1  1   3  0   1  0  0  0  0  0/0    21:15   4:45   1:08 
Nazem Kadri              0  1  1   1  2   0  0  0  0  0  12/14  13:08   0:00   0:00 
Nick Holden              0  1  1   1  0   2  2  2  0  0  0/0    19:43   4:10   1:27 
Shea Weber               1  0  1   0  0   3  0  1  2  0  0/0    23:47   4:45   0:00 
Steven Stamkos           1  2  3   1  0   4  3  0  1  0  12/24  19:51   5:06   0:00 
T.J. Oshie               1  1  2   2  0   4  2  0  2  1  0/2    18:20   3:49   0:00 
Tanner Pearson           0  0  0   0  0   2  0  1  0  0  0/0     6:24   0:00   0:26 
Tyler Johnson            0  3  3   1  0   2  0  1  0  1  0/0    20:17   5:06   0:26 

3 Stars

1 - Steven Stamkos (NJD)
2 - Danton Heinen (NJD)
3 - Alexander Kerfoot (NJD)

Power Play

Capitals - 1 on 2 Attempt(s) - 50,00%
Devils - 2 on 6 Attempt(s) - 33,33%

Penalty Kill

Capitals - 4 on 6 Attempt(s) - 66,67% - Score 0 goal in Penalty Kill
Devils - 1 on 2 Attempt(s) - 50,00% - Score 0 goal in Penalty Kill

Team Stat

Capitals - Hits : 24 - Faceoff Wins : 31 - Blocked Shots : 16 - Penalty Minutes : 12
Devils - Hits : 13 - Faceoff Wins : 38 - Blocked Shots : 7 - Penalty Minutes : 4

Official

Referees : Mike Hasenfratz and Dean Morton
Linesman : Jonny Murray and David Brisebois

Game Notes

No Game Note

Finance

Level 1 -- Attendance: 4218 (70,30%) -- Ticket Income 421 800 $
Level 2 -- Attendance: 4886 (97,72%) -- Ticket Income 293 160 $
Level 3 -- Attendance: 1958 (97,90%) -- Ticket Income 68 530 $
Level 4 -- Attendance: 3467 (86,68%) -- Ticket Income 69 340 $
Luxury Box -- Attendance: 675 (67,50%) -- Ticket Income 135 000 $
Game was played at the Hellgates Center.
Total Attendance: 15204 (84,47%)
Total Ticket Income: 987 830 $
Other Income: 484 037 $
Total Income: 1 471 867 $

Capitals

5 vs 5 Forward 
   Center                   Left Wing                Right Wing               Time % Phy DF OF 
 1 Claude Giroux            Ondrej Palat             Tobias Rieder            30     0   2  3  
 2 Valtteri Filppula        Brock Nelson             Josh Bailey              30     0   1  4  
 3 Darren Helm              Anders Bjork             Joakim Nordstrom         25     0   2  3  
 4 Riley Sheahan            Brandon Pirri            Nick Shore               15     1   3  1  

5 vs 5 Defense 
   Defense                  Defense                                           Time % Phy DF OF 
 1 Oliver Ekman-Larsson     Anton Stralman                                    33     0   3  2  
 2 Brady Skjei              Ben Chiarot                                       30     0   3  2  
 3 Brendan Smith            Simon Despres                                     27     0   3  2  
 4 Oliver Ekman-Larsson     Anton Stralman                                    10     0   4  1  

PowerPlay Forward 
   Center                   Left Wing                Right Wing               Time % Phy DF OF 
 1 Claude Giroux            Ondrej Palat             Josh Bailey              60     0   0  5  
 2 Valtteri Filppula        Brock Nelson             Tobias Rieder            40     0   0  5  

PowerPlay Defense
   Defense                  Defense                                           Time % Phy DF OF 
 1 Oliver Ekman-Larsson     Anton Stralman                                    60     0   1  4  
 2 Brady Skjei              Ben Chiarot                                       40     0   1  4  

Penalty Kill 4 Players Forward 
   Center                   Wing                     Time % Phy DF OF 
 1 Darren Helm              Nick Shore               60     1   4  0  
 2 Riley Sheahan            Joakim Nordstrom         40     1   4  0  

Penalty Kill 4 Players Defense
   Defense                  Defense                  Time % Phy DF OF 
 1 Brady Skjei              Brendan Smith            60     1   4  0  
 2 Simon Despres            Ben Chiarot              40     1   4  0  

Penalty Kill - 3 Players Forward 
   Forward                                           Time % Phy DF OF 
 1 Darren Helm                                       60     0   5  0  
 2 Riley Sheahan                                     40     0   5  0  

Penalty Kill - 3 Players Defense
   Defense                  Defense                  Time % Phy DF OF 
 1 Brady Skjei              Brendan Smith            60     1   4  0  
 2 Simon Despres            Ben Chiarot              40     1   4  0  

4 vs 4 Forward 
   Center                   Wing                     Time % Phy DF OF 
 1 Claude Giroux            Ondrej Palat             60     0   2  3  
 2 Valtteri Filppula        Brock Nelson             40     0   2  3  

4 vs 4 Defense
   Defense                  Defense                  Time % Phy DF OF 
 1 Oliver Ekman-Larsson     Anton Stralman           60     0   3  2  
 2 Brady Skjei              Ben Chiarot              40     0   3  2  

Last Minutes Offensive
   Center                   Left Wing                Right Wing               Defense                  Defense                  
   Claude Giroux            Ondrej Palat             Josh Bailey              Oliver Ekman-Larsson     Anton Stralman           

Last Minutes Defensive
   Center                   Left Wing                Right Wing               Defense                  Defense                  
   Claude Giroux            Ondrej Palat             Josh Bailey              Oliver Ekman-Larsson     Anton Stralman           

Goaltenders
Starting : Jonathan Quick           
Backup : Antti Raanta             

Extra Forwards
Normal : Nick Shore, Darren Helm, Riley Sheahan - PP : Nick Shore, Darren Helm - PK : Riley Sheahan
Extra Defensemen
Normal : Brendan Smith, Brady Skjei, Anton Stralman - PP : Brendan Smith - PK : Brady Skjei, Simon Despres
Penalty Shots
Claude Giroux, Ondrej Palat, Valtteri Filppula, Brock Nelson, Josh Bailey
Custom OT Lines Forwards
Claude Giroux, Ondrej Palat, Valtteri Filppula, Brock Nelson, Josh Bailey, Tobias Rieder, Darren Helm, Riley Sheahan, Anders Bjork, Brandon Pirri
Custom OT Lines Defensemen
Oliver Ekman-Larsson, Anton Stralman, Brady Skjei, Ben Chiarot, Brendan Smith

Scratches
Drew Miller (Healthy), Jake Guentzel (Left Hip Injury), Zach Bogosian (Broken Bone (Right Arm) Injury)

Devils

5 vs 5 Forward 
   Center                   Left Wing                Right Wing               Time % Phy DF OF 
 1 Steven Stamkos           Alexander Kerfoot        Tyler Johnson            31     0   2  3  
 2 Brayden Point            Danton Heinen            T.J. Oshie               31     0   2  3  
 3 Nazem Kadri              Alexander Debrincat      Conor Sheary             28     0   2  3  
 4 Linden Vey               Andrew Cogliano          Tanner Pearson           10     1   2  2  

5 vs 5 Defense 
   Defense                  Defense                                           Time % Phy DF OF 
 1 Shea Weber               Dmitry Kulikov                                    37     1   2  2  
 2 Matt Hunwick             Ben Lovejoy                                       34     1   2  2  
 3 Nick Holden              Alexander Edler                                   25     1   2  2  
 4 Shea Weber               Ben Lovejoy                                       4      1   2  2  

PowerPlay Forward 
   Center                   Left Wing                Right Wing               Time % Phy DF OF 
 1 Steven Stamkos           Alexander Kerfoot        Tyler Johnson            50     0   0  5  
 2 Brayden Point            Danton Heinen            T.J. Oshie               50     0   0  5  

PowerPlay Defense
   Defense                  Defense                                           Time % Phy DF OF 
 1 Shea Weber               Matt Hunwick                                      50     1   2  2  
 2 Nick Holden              Alexander Edler                                   50     1   2  2  

Penalty Kill 4 Players Forward 
   Center                   Wing                     Time % Phy DF OF 
 1 Andrew Cogliano          Linden Vey               60     1   4  0  
 2 Tyler Johnson            Tanner Pearson           40     1   4  0  

Penalty Kill 4 Players Defense
   Defense                  Defense                  Time % Phy DF OF 
 1 Matt Hunwick             Dmitry Kulikov           50     1   4  0  
 2 Nick Holden              Ben Lovejoy              50     1   2  2  

Penalty Kill - 3 Players Forward 
   Forward                                           Time % Phy DF OF 
 1 Andrew Cogliano                                   66     1   2  2  
 2 Tyler Johnson                                     34     1   2  2  

Penalty Kill - 3 Players Defense
   Defense                  Defense                  Time % Phy DF OF 
 1 Shea Weber               Alexander Edler          60     1   2  2  
 2 Nick Holden              Ben Lovejoy              40     1   2  2  

4 vs 4 Forward 
   Center                   Wing                     Time % Phy DF OF 
 1 Steven Stamkos           Nazem Kadri              50     1   2  2  
 2 Danton Heinen            T.J. Oshie               50     1   2  2  

4 vs 4 Defense
   Defense                  Defense                  Time % Phy DF OF 
 1 Shea Weber               Matt Hunwick             50     1   2  2  
 2 Nick Holden              Alexander Edler          50     1   2  2  

Last Minutes Offensive
   Center                   Left Wing                Right Wing               Defense                  Defense                  
   Steven Stamkos           T.J. Oshie               Nazem Kadri              Shea Weber               Alexander Edler          

Last Minutes Defensive
   Center                   Left Wing                Right Wing               Defense                  Defense                  
   Steven Stamkos           T.J. Oshie               Nazem Kadri              Shea Weber               Alexander Edler          

Goaltenders
Starting : Steve Mason              
Backup : Scott Darling            

Extra Forwards
Normal : Danton Heinen, Brayden Point, Conor Sheary - PP : Danton Heinen, Brayden Point - PK : Conor Sheary
Extra Defensemen
Normal : Matt Hunwick, Dmitry Kulikov, Nick Holden - PP : Matt Hunwick - PK : Dmitry Kulikov, Nick Holden
Penalty Shots
T.J. Oshie, Brayden Point, Danton Heinen, Alexander Kerfoot, Alexander Debrincat
Custom OT Lines Forwards
Steven Stamkos, T.J. Oshie, Nazem Kadri, Tyler Johnson, Tanner Pearson, Andrew Cogliano, Danton Heinen, Brayden Point, Conor Sheary, Alexander Kerfoot
Custom OT Lines Defensemen
Shea Weber, Alexander Edler, Nick Holden, Ben Lovejoy, Matt Hunwick

Scratches
Dominic Moore (Healthy), Michal Neuvirth (Healthy)

% Time on Ice - Capitals

Lines # - Real PCT - Wanted PCT - Time Play
Normal Forward
1 - 31% - 30% - 14:51
2 - 30% - 30% - 14:26
3 - 24% - 25% - 11:24
4 - 16% - 15% - 7:49
Normal Defense
1 - 34% - 33% - 16:31
2 - 31% - 30% - 14:59
3 - 28% - 27% - 13:41
4 - 7% - 10% - 3:19
PP Forward
1 - 58% - 60% - 1:30
2 - 42% - 40% - 1:05
PP Defense
1 - 77% - 60% - 2:00
2 - 23% - 40% - 0:35
PK Forward
1 - 75% - 60% - 6:40
2 - 25% - 40% - 2:15
PK Defense
1 - 65% - 60% - 5:47
2 - 35% - 40% - 3:08
PK3 Forward
1 - 0% - 60%
2 - 0% - 40%
PK3 Defense
1 - 0% - 60%
2 - 0% - 40%
44 Forward
1 - 0% - 60%
2 - 0% - 40%
44 Defense
1 - 0% - 60%
2 - 0% - 40%
Last Minute Offensive  - 0:00
Last Minute Defensive  - 0:00
Total
Forward - 60:00
Defense - 60:00

% Time on Ice - Devils

Lines # - Real PCT - Wanted PCT - Time Play
Normal Forward
1 - 31% - 31% - 14:52
2 - 30% - 31% - 14:31
3 - 27% - 28% - 13:09
4 - 12% - 10% - 5:58
Normal Defense
1 - 39% - 37% - 19:02
2 - 35% - 34% - 16:54
3 - 26% - 25% - 12:34
4 - 0% - 4% - 0:00
PP Forward
1 - 57% - 50% - 5:06
2 - 43% - 50% - 3:49
PP Defense
1 - 53% - 50% - 4:45
2 - 47% - 50% - 4:10
PK Forward
1 - 83% - 60% - 2:09
2 - 17% - 40% - 0:26
PK Defense
1 - 44% - 50% - 1:08
2 - 56% - 50% - 1:27
PK3 Forward
1 - 0% - 66%
2 - 0% - 34%
PK3 Defense
1 - 0% - 60%
2 - 0% - 40%
44 Forward
1 - 0% - 50%
2 - 0% - 50%
44 Defense
1 - 0% - 50%
2 - 0% - 50%
Last Minute Offensive  - 0:00
Last Minute Defensive  - 0:00
Total
Forward - 60:00
Defense - 60:00

Play by Play

1st period


0:01 of 1st period - Claude Giroux wins face-off versus Steven Stamkos in neutral zone.
0:13 of 1st period - Wrist shot by Tyler Johnson.
0:13 of 1st period - Shot Blocked by Tobias Rieder.
0:21 of 1st period - Minor Penalty to Ondrej Palat for Interference.
0:22 of 1st period - Darren Helm wins face-off versus Steven Stamkos in Capitals zone.
0:27 of 1st period - Slapshot by Steven Stamkos.
0:27 of 1st period - Shot Misses the Net.
0:29 of 1st period - Slapshot by Matt Hunwick.
0:29 of 1st period - Deflect By Steven Stamkos.
0:29 of 1st period - Deflect By Nick Shore.
0:29 of 1st period - Stopped by Jonathan Quick with a rebound.
0:31 of 1st period - Snap shot by Shea Weber.
0:31 of 1st period - Stopped by Jonathan Quick without a rebound.
0:32 of 1st period - Darren Helm wins face-off versus Steven Stamkos in Capitals zone.
0:57 of 1st period - Snap shot by Steven Stamkos.
0:57 of 1st period - Shot Misses the Net.
0:59 of 1st period - Snap shot by Steven Stamkos.
0:59 of 1st period - Stopped by Jonathan Quick without a rebound.
1:00 of 1st period - Darren Helm wins face-off versus Danton Heinen in Capitals zone.
2:21 of 1st period - Penalty to Ondrej Palat is over, Ondrej Palat is back on ice.
2:32 of 1st period - Wrist shot by Valtteri Filppula.
2:32 of 1st period - Stopped by Steve Mason without a rebound.
2:33 of 1st period - Nazem Kadri wins face-off versus Valtteri Filppula in Devils zone.
2:59 of 1st period - Anton Stralman is hit by T.J. Oshie and loses puck.
3:53 of 1st period - Snap shot by Riley Sheahan.
3:53 of 1st period - Stopped by Steve Mason without a rebound.
3:54 of 1st period - Valtteri Filppula wins face-off versus Brayden Point in Devils zone.
3:57 of 1st period - Snap shot by Josh Bailey.
3:57 of 1st period - Shot Misses the Net.
5:41 of 1st period - Snap shot by Darren Helm.
5:41 of 1st period - Shot Misses the Net.
6:14 of 1st period - Snap shot by Alexander Kerfoot.
6:14 of 1st period - Shot Blocked by Ondrej Palat.
6:16 of 1st period - Wrist shot by Alexander Edler.
6:16 of 1st period - Deflect By Tobias Rieder.
6:16 of 1st period - Stopped by Jonathan Quick with a rebound.
7:02 of 1st period - Icing by Ben Lovejoy.
7:03 of 1st period - Darren Helm wins face-off versus Nazem Kadri in Devils zone.
7:08 of 1st period - Wrist shot by Anders Bjork.
7:08 of 1st period - Shot Misses the Net.
7:10 of 1st period - Slapshot by Brendan Smith.
7:10 of 1st period - Shot Misses the Net.
7:12 of 1st period - Slapshot by Joakim Nordstrom.
7:12 of 1st period - Stopped by Steve Mason without a rebound.
7:13 of 1st period - Brayden Point wins face-off versus Valtteri Filppula in Devils zone.
7:22 of 1st period - Wrist shot by Brock Nelson.
7:22 of 1st period - Stopped by Steve Mason with a rebound.
7:28 of 1st period - Snap shot by Josh Bailey.
7:28 of 1st period - Stopped by Steve Mason without a rebound.
7:29 of 1st period - Steven Stamkos wins face-off versus Darren Helm in Devils zone.
7:44 of 1st period - Snap shot by Darren Helm.
7:44 of 1st period - Stopped by Steve Mason with a rebound.
7:56 of 1st period - Ondrej Palat is hit by T.J. Oshie and loses puck.
8:05 of 1st period - Slapshot by Ondrej Palat.
8:05 of 1st period - Stopped by Steve Mason with a rebound.
8:07 of 1st period - Slapshot by Anton Stralman.
8:07 of 1st period - Stopped by Steve Mason without a rebound.
8:08 of 1st period - Nazem Kadri wins face-off versus Valtteri Filppula in Devils zone.
8:24 of 1st period - Nick Holden is hit by Oliver Ekman-Larsson and loses puck.
8:44 of 1st period - Wrist shot by Ondrej Palat.
8:44 of 1st period - Shot Blocked by Nick Holden.
8:46 of 1st period - Wrist shot by Ondrej Palat.
8:46 of 1st period - Stopped by Steve Mason with a rebound.
8:58 of 1st period - Snap shot by Brayden Point.
8:58 of 1st period - Shot Blocked by Darren Helm.
9:00 of 1st period - Snap shot by T.J. Oshie.
9:00 of 1st period - Stopped by Jonathan Quick with a rebound.
9:02 of 1st period - Slapshot by Alexander Edler.
9:02 of 1st period - Stopped by Jonathan Quick without a rebound.
9:03 of 1st period - Valtteri Filppula wins face-off versus Brayden Point in Capitals zone.
9:43 of 1st period - Tobias Rieder is hit by Steven Stamkos and loses puck.
10:03 of 1st period - Snap shot by Conor Sheary.
10:03 of 1st period - Stopped by Jonathan Quick with a rebound.
10:17 of 1st period - Snap shot by Tanner Pearson.
10:17 of 1st period - Stopped by Jonathan Quick with a rebound.
11:15 of 1st period - Anton Stralman is hit by Nick Holden and loses puck.
11:36 of 1st period - Slapshot by Conor Sheary.
11:36 of 1st period - Shot Misses the Net.
12:03 of 1st period - Icing by Linden Vey.
12:04 of 1st period - Claude Giroux wins face-off versus Linden Vey in Devils zone.
12:05 of 1st period - Wrist shot by Ondrej Palat.
12:05 of 1st period - Stopped by Steve Mason without a rebound.
12:06 of 1st period - Claude Giroux wins face-off versus Steven Stamkos in Devils zone.
12:13 of 1st period - Snap shot by Ondrej Palat.
12:13 of 1st period - Shot Misses the Net.
12:28 of 1st period - Ondrej Palat is hit by Dmitry Kulikov and loses puck.
12:47 of 1st period - Nazem Kadri is hit by Anton Stralman and loses puck.
13:00 of 1st period - Snap shot by Brandon Pirri.
13:00 of 1st period - Stopped by Steve Mason without a rebound.
13:01 of 1st period - Brayden Point wins face-off versus Nick Shore in Devils zone.
13:08 of 1st period - Wrist shot by T.J. Oshie.
13:08 of 1st period - Deflect By Danton Heinen.
13:08 of 1st period - Deflect By Brandon Pirri.
13:08 of 1st period - Stopped by Jonathan Quick without a rebound.
13:09 of 1st period - Valtteri Filppula wins face-off versus Steven Stamkos in Capitals zone.
13:09 of 1st period - Valtteri Filppula is hit by Alexander Kerfoot.
13:23 of 1st period - Snap shot by Josh Bailey.
13:23 of 1st period - Stopped by Steve Mason without a rebound.
13:24 of 1st period - Nazem Kadri wins face-off versus Darren Helm in Devils zone.
13:24 of 1st period - Nazem Kadri is hit by Darren Helm.
14:04 of 1st period - Wrist shot by Conor Sheary.
14:04 of 1st period - Deflect By Alexander Debrincat.
14:04 of 1st period - Shot Blocked by Valtteri Filppula.
14:04 of 1st period - Puck is out of play.
14:05 of 1st period - Claude Giroux wins face-off versus Steven Stamkos in Capitals zone.
14:18 of 1st period - Snap shot by Alexander Kerfoot.
14:18 of 1st period - Shot Blocked by Anton Stralman.
14:36 of 1st period - Snap shot by Brayden Point.
14:36 of 1st period - Shot Misses the Net.
14:38 of 1st period - Wrist shot by Nick Holden.
14:38 of 1st period - Deflect By Oliver Ekman-Larsson.
14:38 of 1st period - Stopped by Jonathan Quick without a rebound.
14:39 of 1st period - Darren Helm wins face-off versus Steven Stamkos in Capitals zone.
14:44 of 1st period - Backhand shot by Darren Helm.
14:44 of 1st period - Stopped by Steve Mason without a rebound.
14:45 of 1st period - Steven Stamkos wins face-off versus Darren Helm in Devils zone.
14:51 of 1st period - Off-side.
14:52 of 1st period - Claude Giroux wins face-off versus Brayden Point in neutral zone.
15:01 of 1st period - Snap shot by Ondrej Palat.
15:01 of 1st period - Shot Blocked by Dmitry Kulikov.
15:41 of 1st period - Snap shot by Anders Bjork.
15:41 of 1st period - Shot Misses the Net.
15:43 of 1st period - Wrist shot by Joakim Nordstrom.
15:43 of 1st period - Stopped by Steve Mason with a rebound.
15:45 of 1st period - Wrist shot by Joakim Nordstrom.
15:45 of 1st period - Shot Misses the Net.
15:47 of 1st period - Slapshot by Simon Despres.
15:47 of 1st period - Stopped by Steve Mason without a rebound.
15:48 of 1st period - Darren Helm wins face-off versus T.J. Oshie in Devils zone.
16:34 of 1st period - Wrist shot by Riley Sheahan.
16:34 of 1st period - Deflect By Brandon Pirri.
16:34 of 1st period - Shot Misses the Net.
16:34 of 1st period - Puck is out of play.
16:35 of 1st period - Steven Stamkos wins face-off versus Nick Shore in Devils zone.
16:58 of 1st period - Snap shot by Steven Stamkos.
16:58 of 1st period - Shot Misses the Net.
17:04 of 1st period - Wrist shot by Steven Stamkos.
17:04 of 1st period - Stopped by Jonathan Quick with a rebound.
17:06 of 1st period - Wrist shot by Tyler Johnson.
17:06 of 1st period - Stopped by Jonathan Quick without a rebound.
17:07 of 1st period - Brayden Point wins face-off versus Valtteri Filppula in Capitals zone.
17:10 of 1st period - Wrist shot by T.J. Oshie.
17:10 of 1st period - Stopped by Jonathan Quick without a rebound.
17:11 of 1st period - Brayden Point wins face-off versus Valtteri Filppula in Capitals zone.
17:21 of 1st period - Minor Penalty to Josh Bailey for Boarding.
17:22 of 1st period - Darren Helm wins face-off versus Brayden Point in Capitals zone.
18:49 of 1st period - Alexander Kerfoot is hit by Claude Giroux.
19:21 of 1st period - Penalty to Josh Bailey is over, Josh Bailey is back on ice.
19:49 of 1st period - Icing by Alexander Edler.
19:50 of 1st period - Nazem Kadri wins face-off versus Claude Giroux in Devils zone.
19:57 of 1st period - Slapshot by Alexander Debrincat.
19:57 of 1st period - Stopped by Jonathan Quick with a rebound.
Goals for this period are 0 for Capitals vs 0 for Devils.
Shots for this period are 15 for Capitals vs 14 for Devils.

2nd period


0:01 of 2nd period - Claude Giroux wins face-off versus Danton Heinen in neutral zone.
0:23 of 2nd period - Alexander Kerfoot is hit by Darren Helm and loses puck.
0:28 of 2nd period - Snap shot by Anders Bjork.
0:28 of 2nd period - Goal by Anders Bjork - Capitals : 1 - Devils : 0.
0:29 of 2nd period - Brayden Point wins face-off versus Darren Helm in neutral zone.
0:56 of 2nd period - Icing by Shea Weber.
0:57 of 2nd period - Claude Giroux wins face-off versus Steven Stamkos in Devils zone.
1:46 of 2nd period - Dmitry Kulikov is hit by Anders Bjork.
2:54 of 2nd period - Slapshot by Josh Bailey.
2:54 of 2nd period - Stopped by Steve Mason without a rebound.
2:55 of 2nd period - Steven Stamkos wins face-off versus Valtteri Filppula in Devils zone.
3:22 of 2nd period - Dmitry Kulikov is hit by Riley Sheahan and loses puck.
3:31 of 2nd period - Wrist shot by Brayden Point.
3:31 of 2nd period - Stopped by Jonathan Quick without a rebound.
3:32 of 2nd period - Nazem Kadri wins face-off versus Claude Giroux in Capitals zone.
3:37 of 2nd period - Snap shot by Nazem Kadri.
3:37 of 2nd period - Shot Blocked by Tobias Rieder.
4:14 of 2nd period - Matt Hunwick is hit by Josh Bailey and loses puck.
4:45 of 2nd period - Slapshot by Brayden Point.
4:45 of 2nd period - Stopped by Jonathan Quick with a rebound.
4:47 of 2nd period - Slapshot by Danton Heinen.
4:47 of 2nd period - Stopped by Jonathan Quick with a rebound.
4:49 of 2nd period - Slapshot by T.J. Oshie.
4:49 of 2nd period - Shot Misses the Net.
4:51 of 2nd period - Snap shot by T.J. Oshie.
4:51 of 2nd period - Stopped by Jonathan Quick with a rebound.
4:53 of 2nd period - Slapshot by Matt Hunwick.
4:53 of 2nd period - Shot Blocked by Josh Bailey.
4:55 of 2nd period - Slapshot by T.J. Oshie.
4:55 of 2nd period - Goal by T.J. Oshie - Capitals : 1 - Devils : 1.
4:56 of 2nd period - Claude Giroux wins face-off versus Nazem Kadri in neutral zone.
5:21 of 2nd period - Shea Weber is hit by Anders Bjork and loses puck.
5:28 of 2nd period - Slapshot by Anders Bjork.
5:28 of 2nd period - Shot Misses the Net.
5:30 of 2nd period - Snap shot by Anders Bjork.
5:30 of 2nd period - Stopped by Steve Mason with a rebound.
5:32 of 2nd period - Slapshot by Ben Chiarot.
5:32 of 2nd period - Shot Blocked by Tyler Johnson.
5:44 of 2nd period - Slapshot by Riley Sheahan.
5:44 of 2nd period - Shot Misses the Net.
6:02 of 2nd period - Shea Weber is hit by Claude Giroux and loses puck.
6:07 of 2nd period - Wrist shot by Ondrej Palat.
6:07 of 2nd period - Deflect By Shea Weber.
6:07 of 2nd period - Shot Misses the Net.
6:07 of 2nd period - Puck is out of play.
6:08 of 2nd period - Nazem Kadri wins face-off versus Darren Helm in Devils zone.
6:20 of 2nd period - Minor Penalty to Nazem Kadri for Holding.
6:21 of 2nd period - Claude Giroux wins face-off versus Andrew Cogliano in Devils zone.
6:54 of 2nd period - Wrist shot by Valtteri Filppula.
6:54 of 2nd period - Shot Misses the Net.
6:56 of 2nd period - Slapshot by Oliver Ekman-Larsson.
6:56 of 2nd period - Goal by Oliver Ekman-Larsson - Capitals : 2 - Devils : 1.
6:57 of 2nd period - Tobias Rieder wins face-off versus Steven Stamkos in neutral zone.
7:20 of 2nd period - Minor Penalty to Alexander Edler for High sticking.
7:21 of 2nd period - Claude Giroux wins face-off versus Andrew Cogliano in Devils zone.
7:22 of 2nd period - Wrist shot by Ondrej Palat.
7:22 of 2nd period - Shot Misses the Net.
7:31 of 2nd period - Off-side.
7:32 of 2nd period - Claude Giroux wins face-off versus Andrew Cogliano in neutral zone.
7:39 of 2nd period - Snap shot by Claude Giroux.
7:39 of 2nd period - Shot Misses the Net.
7:41 of 2nd period - Slapshot by Oliver Ekman-Larsson.
7:41 of 2nd period - Shot Hit the Post.
9:20 of 2nd period - Penalty to Alexander Edler is over, Alexander Edler is back on ice.
9:21 of 2nd period - Nick Holden is hit by Valtteri Filppula and loses puck.
10:04 of 2nd period - Off-side.
10:05 of 2nd period - Brayden Point wins face-off versus Darren Helm in neutral zone.
10:30 of 2nd period - Dmitry Kulikov is hit by Nick Shore and loses puck.
11:16 of 2nd period - Wrist shot by Tanner Pearson.
11:16 of 2nd period - Stopped by Jonathan Quick with a rebound.
11:18 of 2nd period - Slapshot by Tanner Pearson.
11:18 of 2nd period - Shot Blocked by Brendan Smith.
11:20 of 2nd period - Wrist shot by Linden Vey.
11:20 of 2nd period - Stopped by Jonathan Quick with a rebound.
11:40 of 2nd period - Snap shot by Nazem Kadri.
11:40 of 2nd period - Deflect By Alexander Debrincat.
11:40 of 2nd period - Stopped by Jonathan Quick with a rebound.
11:42 of 2nd period - Slapshot by Matt Hunwick.
11:42 of 2nd period - Stopped by Jonathan Quick with a rebound.
11:49 of 2nd period - Icing by Brendan Smith.
11:50 of 2nd period - Valtteri Filppula wins face-off versus Brayden Point in Capitals zone.
12:21 of 2nd period - Wrist shot by Riley Sheahan.
12:21 of 2nd period - Stopped by Steve Mason with a rebound.
12:23 of 2nd period - Wrist shot by Riley Sheahan.
12:23 of 2nd period - Deflect By Nick Shore.
12:23 of 2nd period - Shot Blocked by Shea Weber.
12:23 of 2nd period - Puck is out of play.
12:24 of 2nd period - Nazem Kadri wins face-off versus Riley Sheahan in Devils zone.
12:29 of 2nd period - Ben Chiarot is hit by Alexander Debrincat and loses puck.
12:42 of 2nd period - Wrist shot by Riley Sheahan.
12:42 of 2nd period - Deflect By Matt Hunwick.
12:42 of 2nd period - Shot Blocked by Ben Lovejoy.
12:42 of 2nd period - Puck is out of play.
12:43 of 2nd period - Steven Stamkos wins face-off versus Claude Giroux in Devils zone.
12:50 of 2nd period - Snap shot by Claude Giroux.
12:50 of 2nd period - Stopped by Steve Mason without a rebound.
12:51 of 2nd period - Claude Giroux wins face-off versus Steven Stamkos in Devils zone.
13:20 of 2nd period - Slapshot by Oliver Ekman-Larsson.
13:20 of 2nd period - Deflect By Nazem Kadri.
13:20 of 2nd period - Stopped by Steve Mason without a rebound.
13:21 of 2nd period - Brayden Point wins face-off versus Valtteri Filppula in Devils zone.
13:29 of 2nd period - Snap shot by Danton Heinen.
13:29 of 2nd period - Goal by Danton Heinen - Capitals : 2 - Devils : 2.
13:30 of 2nd period - Nazem Kadri wins face-off versus Valtteri Filppula in neutral zone.
13:41 of 2nd period - Wrist shot by Josh Bailey.
13:41 of 2nd period - Stopped by Steve Mason with a rebound.
14:16 of 2nd period - Wrist shot by Anders Bjork.
14:16 of 2nd period - Shot Misses the Net.
14:23 of 2nd period - Off-side.
14:24 of 2nd period - Nazem Kadri wins face-off versus Claude Giroux in neutral zone.
14:27 of 2nd period - Ondrej Palat is hit by Alexander Debrincat and loses puck.
14:54 of 2nd period - Off-side.
14:55 of 2nd period - Steven Stamkos wins face-off versus Brock Nelson in neutral zone.
15:44 of 2nd period - Snap shot by Tanner Pearson.
15:44 of 2nd period - Shot Blocked by Brendan Smith.
15:46 of 2nd period - Wrist shot by Nick Holden.
15:46 of 2nd period - Shot Blocked by Brendan Smith.
15:48 of 2nd period - Snap shot by Tanner Pearson.
15:48 of 2nd period - Shot Misses the Net.
15:50 of 2nd period - Snap shot by Tanner Pearson.
15:50 of 2nd period - Shot Misses the Net.
15:52 of 2nd period - Slapshot by Alexander Edler.
15:52 of 2nd period - Stopped by Jonathan Quick without a rebound.
15:53 of 2nd period - Nazem Kadri wins face-off versus Claude Giroux in Capitals zone.
16:20 of 2nd period - Tyler Johnson is hit by Anton Stralman and loses puck.
17:03 of 2nd period - Wrist shot by Anders Bjork.
17:03 of 2nd period - Deflect By Tanner Pearson.
17:03 of 2nd period - Shot Blocked by Tanner Pearson.
17:03 of 2nd period - Puck is out of play.
17:04 of 2nd period - Steven Stamkos wins face-off versus Darren Helm in Devils zone.
17:10 of 2nd period - Minor Penalty to Ben Chiarot for Interference.
17:11 of 2nd period - Brayden Point wins face-off versus Darren Helm in Capitals zone.
18:41 of 2nd period - Steven Stamkos is hit by Riley Sheahan and loses puck.
19:10 of 2nd period - Penalty to Ben Chiarot is over, Ben Chiarot is back on ice.
19:29 of 2nd period - Ben Lovejoy is hit by Brock Nelson and loses puck.
Goals for this period are 2 for Capitals vs 2 for Devils.
Shots for this period are 8 for Capitals vs 11 for Devils.

3rd period


0:01 of 3rd period - Claude Giroux wins face-off versus Brayden Point in neutral zone.
0:13 of 3rd period - Wrist shot by T.J. Oshie.
0:13 of 3rd period - Shot Misses the Net.
0:15 of 3rd period - Backhand shot by Brayden Point.
0:15 of 3rd period - Shot Misses the Net.
0:25 of 3rd period - Alexander Kerfoot is hit by Valtteri Filppula and loses puck.
0:34 of 3rd period - Wrist shot by Josh Bailey.
0:34 of 3rd period - Stopped by Steve Mason with a rebound.
1:03 of 3rd period - Alexander Edler is hit by Darren Helm and loses puck.
1:15 of 3rd period - Icing by Danton Heinen.
1:16 of 3rd period - Riley Sheahan wins face-off versus Brayden Point in Devils zone.
1:46 of 3rd period - Nick Shore is hit by Nick Holden and loses puck.
1:54 of 3rd period - Off-side.
1:55 of 3rd period - Steven Stamkos wins face-off versus Claude Giroux in neutral zone.
2:50 of 3rd period - Minor Penalty to Oliver Ekman-Larsson for High sticking.
2:51 of 3rd period - Brayden Point wins face-off versus Darren Helm in Capitals zone.
3:37 of 3rd period - Alexander Kerfoot is hit by Simon Despres.
4:10 of 3rd period - Snap shot by Steven Stamkos.
4:10 of 3rd period - Shot Blocked by Anders Bjork.
4:32 of 3rd period - Wrist shot by Tyler Johnson.
4:32 of 3rd period - Shot Misses the Net.
4:34 of 3rd period - Slapshot by Shea Weber.
4:34 of 3rd period - Goal by Shea Weber - Capitals : 2 - Devils : 3.
4:35 of 3rd period - Brayden Point wins face-off versus Tobias Rieder in neutral zone.
5:26 of 3rd period - Wrist shot by Oliver Ekman-Larsson.
5:26 of 3rd period - Stopped by Steve Mason with a rebound.
5:28 of 3rd period - Snap shot by Anders Bjork.
5:28 of 3rd period - Stopped by Steve Mason without a rebound.
5:29 of 3rd period - Nazem Kadri wins face-off versus Darren Helm in Devils zone.
5:39 of 3rd period - Slapshot by Dmitry Kulikov.
5:39 of 3rd period - Shot Blocked by Brady Skjei.
5:59 of 3rd period - Slapshot by Darren Helm.
5:59 of 3rd period - Shot Hit the Post.
6:11 of 3rd period - Snap shot by Alexander Debrincat.
6:11 of 3rd period - Shot Misses the Net.
6:13 of 3rd period - Slapshot by Shea Weber.
6:13 of 3rd period - Shot Blocked by Joakim Nordstrom.
6:15 of 3rd period - Snap shot by Conor Sheary.
6:15 of 3rd period - Shot Misses the Net.
6:17 of 3rd period - Snap shot by Shea Weber.
6:17 of 3rd period - Deflect By Conor Sheary.
6:17 of 3rd period - Shot Misses the Net.
6:17 of 3rd period - Puck is out of play.
6:18 of 3rd period - Claude Giroux wins face-off versus Steven Stamkos in Capitals zone.
6:18 of 3rd period - Claude Giroux is hit by Steven Stamkos.
6:54 of 3rd period - Ben Lovejoy is hit by Ondrej Palat and loses puck.
7:15 of 3rd period - Andrew Cogliano is hit by Tobias Rieder and loses puck.
7:46 of 3rd period - Wrist shot by Andrew Cogliano.
7:46 of 3rd period - Stopped by Jonathan Quick with a rebound.
7:58 of 3rd period - Off-side.
7:59 of 3rd period - Steven Stamkos wins face-off versus Valtteri Filppula in neutral zone.
8:06 of 3rd period - Alexander Kerfoot is hit by Brady Skjei and loses puck.
10:18 of 3rd period - Snap shot by Alexander Debrincat.
10:18 of 3rd period - Stopped by Jonathan Quick without a rebound.
10:19 of 3rd period - Steven Stamkos wins face-off versus Riley Sheahan in Capitals zone.
10:28 of 3rd period - Slapshot by Tyler Johnson.
10:28 of 3rd period - Shot Misses the Net.
10:30 of 3rd period - Wrist shot by Alexander Kerfoot.
10:30 of 3rd period - Goal by Alexander Kerfoot - Capitals : 2 - Devils : 4.
10:31 of 3rd period - Valtteri Filppula wins face-off versus Steven Stamkos in neutral zone.
11:25 of 3rd period - Snap shot by Nazem Kadri.
11:25 of 3rd period - Shot Blocked by Brady Skjei.
11:27 of 3rd period - Slapshot by Conor Sheary.
11:27 of 3rd period - Goal by Conor Sheary - Capitals : 2 - Devils : 5.
11:28 of 3rd period - Valtteri Filppula wins face-off versus Alexander Kerfoot in neutral zone.
11:39 of 3rd period - Anton Stralman is hit by Alexander Kerfoot and loses puck.
11:56 of 3rd period - Icing by Ondrej Palat.
11:57 of 3rd period - Claude Giroux wins face-off versus T.J. Oshie in Capitals zone.
12:06 of 3rd period - Snap shot by T.J. Oshie.
12:06 of 3rd period - Shot Misses the Net.
12:18 of 3rd period - Snap shot by Danton Heinen.
12:18 of 3rd period - Deflect By Brayden Point.
12:18 of 3rd period - Shot Blocked by Oliver Ekman-Larsson.
12:18 of 3rd period - Puck is out of play.
12:19 of 3rd period - Steven Stamkos wins face-off versus Valtteri Filppula in Capitals zone.
12:26 of 3rd period - Wrist shot by Steven Stamkos.
12:26 of 3rd period - Shot Misses the Net.
14:25 of 3rd period - Minor Penalty to Brendan Smith for Hooking.
14:26 of 3rd period - Darren Helm wins face-off versus Brayden Point in Capitals zone.
14:26 of 3rd period - Darren Helm is hit by Brayden Point.
14:51 of 3rd period - Wrist shot by Steven Stamkos.
14:51 of 3rd period - Goal by Steven Stamkos - Capitals : 2 - Devils : 6.
14:52 of 3rd period - Steven Stamkos wins face-off versus Valtteri Filppula in neutral zone.
14:55 of 3rd period - Slapshot by Alexander Kerfoot.
14:55 of 3rd period - Stopped by Jonathan Quick without a rebound.
14:56 of 3rd period - Alexander Kerfoot wins face-off versus Valtteri Filppula in Capitals zone.
15:14 of 3rd period - Alexander Kerfoot is hit by Valtteri Filppula and loses puck.
15:53 of 3rd period - Alexander Debrincat is hit by Ondrej Palat and loses puck.
16:20 of 3rd period - Snap shot by Riley Sheahan.
16:20 of 3rd period - Stopped by Steve Mason without a rebound.
16:21 of 3rd period - Brayden Point wins face-off versus Valtteri Filppula in Devils zone.
16:46 of 3rd period - Tyler Johnson is hit by Ondrej Palat and loses puck.
17:09 of 3rd period - Snap shot by Riley Sheahan.
17:09 of 3rd period - Shot Blocked by Nick Holden.
17:53 of 3rd period - Wrist shot by Steven Stamkos.
17:53 of 3rd period - Shot Misses the Net.
17:55 of 3rd period - Snap shot by Tyler Johnson.
17:55 of 3rd period - Stopped by Jonathan Quick with a rebound.
17:57 of 3rd period - Snap shot by Alexander Kerfoot.
17:57 of 3rd period - Stopped by Jonathan Quick with a rebound.
17:59 of 3rd period - Snap shot by Nick Holden.
17:59 of 3rd period - Stopped by Jonathan Quick with a rebound.
18:01 of 3rd period - Wrist shot by Alexander Kerfoot.
18:01 of 3rd period - Goal by Alexander Kerfoot - Capitals : 2 - Devils : 7.
18:02 of 3rd period - Brayden Point wins face-off versus Valtteri Filppula in neutral zone.
18:05 of 3rd period - Slapshot by Shea Weber.
18:05 of 3rd period - Stopped by Jonathan Quick with a rebound.
18:49 of 3rd period - Wrist shot by Danton Heinen.
18:49 of 3rd period - Stopped by Jonathan Quick without a rebound.
18:50 of 3rd period - Nazem Kadri wins face-off versus Valtteri Filppula in Capitals zone.
19:11 of 3rd period - Minor Penalty to Oliver Ekman-Larsson for Interference.
19:12 of 3rd period - Brayden Point wins face-off versus Darren Helm in Capitals zone.
19:38 of 3rd period - Darren Helm is hit by Steven Stamkos and loses puck.
19:45 of 3rd period - Wrist shot by Steven Stamkos.
19:45 of 3rd period - Shot Blocked by Brendan Smith.
Goals for this period are 0 for Capitals vs 5 for Devils.
Shots for this period are 4 for Capitals vs 13 for Devils.